 Dungeon Crawl Stone Soup version 0.29-a0-643-ga013cefcf8 (webtiles) character file.

Game seed: 924981379883295664

54 spaghetti the Grave Robber (level 2, -1/21 HPs)
             Began as a Gnoll Necromancer on June 19, 2022.
             Was a Follower of Ru.
             Killed from afar by Ijyb (12 damage)
             ... with a bolt of dispelling energy
             ... on level 3 of the Dungeon.
             The game lasted 00:03:24 (2109 turns).

spaghetti the Grave Robber (Gnoll Necromancer)      Turns: 2109, Time: 00:03:25

Health: -1/21      AC:  9    Str:  3    XL:     2   Next: 91%
Magic:  0/8        EV: 14    Int: 14    God:    Ru [*.....]
Gold:   13         SH:  0    Dex: 16    Spells: 10/11 levels left

rFire   . . .      SeeInvis .   r - +0 whip (elec) {mace}
rCold   . . .      Faith    .   (no shield)
rNeg    . . .      Spirit   .   m - +4 robe of the Thunderstorm {rElec Str-4 Dex+4 Stlth+}
rPois   .          Reflect  .   n - +0 helmet
rElec   +          Harm     .   s - +0 cloak
rCorr   .          Rampage  .   (no gloves)
Will    .....                   q - +0 pair of boots
Stlth   ++++......              (no amulet)
HPRegen 0.07/turn               (no ring)
MPRegen 0.11/turn               (no ring)

@: no status effects
A: fangs 1, inexperienced 1, strong nose, distributed training
a: Renounce Religion


You were on level 3 of the Dungeon.
You worshipped Ru.
Ru was aware of your devotion.
You visited 1 branch of the dungeon, and saw 3 of its levels.

You collected 109 gold pieces.
You spent 96 gold pieces at shops.


Innate Abilities, Weirdness & Mutations

You have very sharp teeth.
You are somewhat inexperienced. (-2 XL)
Your uncanny sense of smell can sniff out nearby items.
Your experience applies equally to all skills.


   Skills:
 + Level 1.0 Fighting
 + Level 1.0 Short Blades
 + Level 1.0 Long Blades
 + Level 1.0 Axes
 + Level 1.0 Maces & Flails
 + Level 1.0 Polearms
 + Level 1.0 Staves
 + Level 1.0 Slings
 + Level 1.0 Bows
 + Level 1.0 Crossbows
 + Level 1.0 Throwing
 + Level 1.0 Armour
 + Level 4.6 Dodging
 + Level 4.2 Stealth
 + Level 1.0 Shields
 + Level 1.0 Unarmed Combat
 + Level 5.0 Spellcasting
 + Level 0.7 Conjurations
 + Level 0.7 Hexes
 + Level 0.7 Summonings
 + Level 7.1 Necromancy
 + Level 0.7 Translocations
 + Level 0.7 Transmutations
 + Level 0.7 Fire Magic
 + Level 0.7 Ice Magic
 + Level 0.7 Air Magic
 + Level 0.7 Earth Magic
 + Level 0.7 Poison Magic
 + Level 1.0 Invocations
 + Level 1.0 Evocations


You had 10 spell levels left.
You knew the following spells:

 Your Spells              Type           Power      Damage    Failure   Level
a - Necrotize             Necr           92%        1d8       1%          1

Your spell library contained the following spells:

 Spells                   Type           Power      Damage    Failure   Level
 Vampiric Draining        Necr           23%        2d7       2%          3
 Animate Dead             Necr           23%        N/A       10%         4
 Sting                    Tmut/Pois      20%        1d4       13%         1
 Poisonous Vapours        Pois/Air       10%        N/A       21%         2
 Agony                    Necr           23%        N/A       26%         5
 Call Canine Familiar     Summ           5%         N/A       36%         3
 Ozocubu's Armour         Ice            5%         N/A       36%         3
 Portal Projectile        Hex/Tloc       10%        N/A       36%         3
 Corpse Rot               Necr/Pois/Air  11%        N/A       47%         4
 Leda's Liquefaction      Hex/Erth       2%         N/A       78%         4
 Olgreb's Toxic Radiance  Pois           5%         N/A       78%         4
 Metabolic Englaciation   Hex/Ice        2%         N/A       98%         5
 Simulacrum               Ice/Necr       7%         N/A       99%         6

Inventory:

Hand Weapons
 e - a +1 club {mace}
   (You took it off a goblin on level 1 of the Dungeon)
 f - a +0 dagger {short}
   (You took it off a goblin on level 1 of the Dungeon)
 h - a +0 club {mace}
   (You took it off a goblin on level 1 of the Dungeon)
 i - a +0 club {mace}
   (You took it off a kobold on level 1 of the Dungeon)
 j - a +0 dagger {short}
   (You took it off a goblin on level 1 of the Dungeon)
 r - a +0 whip of electrocution (weapon) {mace}
   (You took it off an orc on level 3 of the Dungeon)
Missiles
 c - 4 poisoned darts {throwing}
 d - 35 stones {throwing}
Armour
 a - a +0 robe
 m - the +4 robe of the Thunderstorm (worn) {rElec Str-4 Dex+4 Stlth+}
   (You bought it in a shop on level 1 of the Dungeon)

   Str:       It affects your strength (-4).
   Dex:       It affects your dexterity (+4).
   rElec:     It insulates you from electricity.
   Stlth:     It makes you more stealthy.
 n - a +0 helmet (worn)
   (You found it on level 2 of the Dungeon)
 q - a +0 pair of boots (worn)
   (You found it on level 2 of the Dungeon)
 s - a +0 cloak (worn)
   (You found it on level 3 of the Dungeon)
Jewellery
 t - a ring of positive energy
   (You found it on level 3 of the Dungeon)
Scrolls
 g - 2 scrolls of enchant weapon
 k - a scroll of magic mapping {!r}
 l - 3 scrolls of teleportation {@r4}
 u - 3 scrolls of identify {unknown}
Potions
 b - a potion of magic
 o - a potion of brilliance {unknown}
 p - a potion of invisibility {unknown}
 v - a potion of resistance {unknown}

Dungeon Overview and Level Annotations

Branches:
Dungeon (3/15) Zot: 15885

Altars:
Ru

Shops:
D:1 [   D:2 !

Annotations:
D:3 Ijyb

#.###.## #.# #...
#.###.#. #.....#.
############......
#######..............#..
.:........####........>.
..(.........##.#####....
######@#.#.##.##.....^.
#g#.#.##.##.......
#.#....#>##.......
#.#......#####...#
#.##...### #...#
#.#.###. #...# #..# #.
##.## #.. #.######.##
... #.........#


You could see Ijyb.


Message History

You lost 1 mp, and now have 7/8 mp.
Casting: Necrotize (safe; 1% risk of failure)
Confirm with . or Enter, or press ? or * to list all spells.
Aiming: Necrotize (safe; 1% risk of failure)
Press: ? - help, Shift-Dir - straight line, f/p - Ijyb
Aim: Ijyb, wielding a +0 dagger, wearing a +0 ring mail and carrying a wand of quicksilver (5) (chance to affect: 87%) Ijyb writhes in agony. 😎 MP[-1]
You lost 1 mp, and now have 6/8 mp.
Casting: Necrotize (safe; 1% risk of failure)
Confirm with . or Enter, or press ? or * to list all spells.
Aiming: Necrotize (safe; 1% risk of failure)
Press: ? - help, Shift-Dir - straight line, f/p - Ijyb
Aim: Ijyb, wielding a +0 dagger, wearing a +0 ring mail and carrying a wand of quicksilver (5) (lightly wounded, chance to affect: 87%) Ijyb writhes in agony. 😎 MP[-1]
You lost 1 mp, and now have 5/8 mp.
Casting: Necrotize (safe; 1% risk of failure)
Confirm with . or Enter, or press ? or * to list all spells.
Aiming: Necrotize (safe; 1% risk of failure)
Press: ? - help, Shift-Dir - straight line, f/p - Ijyb
Aim: Ijyb, wielding a +0 dagger, wearing a +0 ring mail and carrying a wand of quicksilver (5) (moderately wounded, chance to affect: 87%) Ijyb writhes in agony.
Ijyb zaps a wand.
The bolt of dispelling energy misses you. 😎 MP[-1]
You lost 1 mp, and now have 4/8 mp.
Casting: Necrotize (safe; 1% risk of failure)
Confirm with . or Enter, or press ? or * to list all spells.
Aiming: Necrotize (safe; 1% risk of failure)
Press: ? - help, Shift-Dir - straight line, f/p - Ijyb
Aim: Ijyb, wielding a +0 dagger, wearing a +0 ring mail and carrying a wand of quicksilver (4) (moderately wounded, chance to affect: 87%) Ijyb writhes in agony.
Ijyb hits you but does no damage. 😎 MP[-1]
You lost 1 mp, and now have 3/8 mp.
Casting: Necrotize (safe; 1% risk of failure)
Confirm with . or Enter, or press ? or * to list all spells.
Aiming: Necrotize (safe; 1% risk of failure)
Press: ? - help, Shift-Dir - straight line, f/p - Ijyb
Aim: Ijyb, wielding a +0 dagger, wearing a +0 ring mail and carrying a wand of quicksilver (4) (heavily wounded, chance to affect: 87%) Ijyb writhes in agony.
Ijyb hits you with a +0 dagger. 😕 HP[-2] MP[-1]
You take 2 damage, and now have 19/21 hp.
You lost 1 mp, and now have 2/8 mp.
Casting: Necrotize (safe; 1% risk of failure)
Confirm with . or Enter, or press ? or * to list all spells.
Aiming: Necrotize (safe; 1% risk of failure)
Press: ? - help, Shift-Dir - straight line, f/p - Ijyb
Aim: Ijyb, wielding a +0 dagger, wearing a +0 ring mail and carrying a wand of quicksilver (4) (heavily wounded, chance to affect: 87%) Ijyb writhes in agony.
Ijyb hits you but does no damage. 😕 MP[-1]
You lost 1 mp, and now have 1/8 mp.
Casting: Necrotize (safe; 1% risk of failure)
Confirm with . or Enter, or press ? or * to list all spells.
Aiming: Necrotize (safe; 1% risk of failure)
Press: ? - help, Shift-Dir - straight line, f/p - Ijyb
Aim: Ijyb, wielding a +0 dagger, wearing a +0 ring mail and carrying a wand of quicksilver (4) (severely wounded, chance to affect: 87%) Ijyb writhes in agony.
Ijyb barely misses you. 😕 MP[-1]
You lost 1 mp, and now have 0/8 mp.
Casting: Necrotize (safe; 1% risk of failure)
Confirm with . or Enter, or press ? or * to list all spells.
You don't have enough magic to cast this spell.
Casting: Necrotize (safe; 1% risk of failure)
Confirm with . or Enter, or press ? or * to list all spells.
You don't have enough magic to cast this spell.
You hit Ijyb but do no damage. You bite Ijyb, but do no damage.
Ijyb is stunned by your conviction and fails to attack. 😕 MP[+1]
Okay, then.
Casting: Necrotize (safe; 1% risk of failure)
Confirm with . or Enter, or press ? or * to list all spells.
Aiming: Necrotize (safe; 1% risk of failure)
Press: ? - help, Shift-Dir - straight line, f/p - Ijyb
Aim: Ijyb, wielding a +0 dagger, wearing a +0 ring mail and carrying a wand of quicksilver (4) (severely wounded, chance to affect: 87%) Ijyb barely resists.
Ijyb screams, "Me stronger than you!"
Ijyb hits you with a +0 dagger. 😕 HP[-2] MP[-1]
You take 2 damage, and now have 17/21 hp.
You lost 1 mp, and now have 0/8 mp.
You hear the crackle of electricity.
r - a +0 whip of electrocution (weapon)
{mace} Ijyb hits you with a +0 dagger. 😮 HP[-2]
You take 2 damage, and now have 15/21 hp.
You closely miss Ijyb.
Ijyb zaps a wand.
The bolt of dispelling energy misses you.
You barely miss Ijyb. You bite Ijyb, but do no damage.
Ijyb hits you but does no damage.
You hit Ijyb but do no damage.
Ijyb hits you with a +0 dagger. 😮 HP[-4]
You take 4 damage, and now have 11/21 hp.
You closely miss Ijyb. Ijyb misses you.
You closely miss Ijyb.
Ijyb zaps a wand.
The bolt of dispelling energy hits you!
Ouch! That really hurt!
You die...

Skill      XL: |  1  2 |
---------------+-------+-----
Spellcasting   | 5 |  5.0
Invocations    | 1 |  1.0
Fighting       | 1 |  1.0
Short Blades   | 1 |  1.0
Long Blades    | 1 |  1.0
Axes           | 1 |  1.0
Maces & Flails | 1 |  1.0
Polearms       | 1 |  1.0
Staves         | 1 |  1.0
Slings         | 1 |  1.0
Bows           | 1 |  1.0
Crossbows      | 1 |  1.0
Throwing       | 1 |  1.0
Armour         | 1 |  1.0
Shields        | 1 |  1.0
Unarmed Combat | 1 |  1.0
Evocations     | 1 |  1.0
Dodging        | |  4.6
Stealth        | |  4.2
Conjurations   | |  0.7
Hexes          | |  0.7
Summonings     | |  0.7
Necromancy     | |  7.1
Translocations | |  0.7
Transmutations | |  0.7
Fire Magic     | |  0.7
Ice Magic      | |  0.7
Air Magic      | |  0.7
Earth Magic    | |  0.7
Poison Magic   | |  0.7

Action                   || total
-------------------------++-------
Melee: Unarmed           ||     5
       Club              ||    20
       Bite              ||     6
       Whip              ||     5
       Punch             ||     1
 Cast: Necrotize         ||    72
Invok: Sacrifice Experie ||     1
  Use: Scroll            ||     6
Armor: Robe              ||    10
Dodge: Dodged            ||    30

Levels and vault maps discovered:
D:1:      dpeg_arrival_solitude, layout_rooms, serial_shops,
          nicolae_shop_crystal, hellmonk_ecumenical_altar_watching_god,
          corexii_corridor_pit
D:2:      layout_rooms, serial_shops, shop, lexackson_kobold_supper
D:3:      layout_loops_ring, serial_bayou_pond_c, uniq_ijyb,
          uniq_crazy_yiuf_cottage, uniq_jessica

Notes
Turn   | Place    | Note
-------+----------+-------------------------------------------
     0 | D:1      | spaghetti the Gnoll Necromancer began the quest for the
                  | Orb.
     0 | D:1      | Reached XP level 1. HP: 13/13 MP: 6/6
     0 | D:1      | magus.rc [v1.9.6]
   193 | D:1      | Reached XP level 2. HP: 19/19 MP: 3/7
   253 | D:1      | Noticed a shining eye
   256 | D:1      | Found a faded altar of an unknown god.
   258 | D:1      | Noticed an eye of devastation
   258 | D:1      | Noticed a floating eye
   258 | D:1      | Noticed a golden eye
   267 | D:1      | Prayed at the altar of an unknown god.
   267 | D:1      | Became a worshipper of Ru the Awakened
   284 | D:1      | Gained mutation: You are somewhat inexperienced. (-2 XL)
                  | [Ru sacrifice]
   284 | D:1      | Reached XP level 1. HP: 14/14 MP: 5/6
   284 | D:1      | Reached * piety under Ru
   368 | D:1      | Found Noawekui's Antique Armour Boutique.
   603 | D:1      | You pick up a book of Winter and begin reading...
   603 | D:1      | You add the spells Ozocubu's Armour, Metabolic Englaciation
                  | and Simulacrum to your library.
   645 | D:1      | Reached XP level 2. HP: 19/20 MP: 0/7
   785 | D:1      | Reached skill level 5 in Spellcasting
  1156 | D:2      | You pick up a book of Vapours and begin reading...
  1156 | D:2      | You add the spells Poisonous Vapours and Corpse Rot to your
                  | library.
  1174 | D:2      | Found Coin's Distillery.
  1222 | D:2      | Reached skill level 1 in Invocations
  1464 | D:1      | Bought a fine robe for 96 gold pieces
  1464 | D:1      | Identified the +4 robe of the Thunderstorm {rElec Str-4
                  | Dex+4 Stlth+} (You bought it in a shop on level 1 of the
                  | Dungeon)
  1832 | D:3      | Reached skill level 1 in Fighting
  1832 | D:3      | Reached skill level 1 in Short Blades
  1832 | D:3      | Reached skill level 1 in Long Blades
  1832 | D:3      | Reached skill level 1 in Axes
  1832 | D:3      | Reached skill level 1 in Maces & Flails
  1832 | D:3      | Reached skill level 1 in Polearms
  1832 | D:3      | Reached skill level 1 in Staves
  1832 | D:3      | Reached skill level 1 in Slings
  1832 | D:3      | Reached skill level 1 in Bows
  1832 | D:3      | Reached skill level 1 in Crossbows
  1832 | D:3      | Reached skill level 1 in Throwing
  1832 | D:3      | Reached skill level 1 in Armour
  1832 | D:3      | Reached skill level 1 in Shields
  1832 | D:3      | Reached skill level 1 in Unarmed Combat
  1832 | D:3      | Reached skill level 1 in Evocations
  1983 | D:3      | You add the spells Sting and Olgreb's Toxic Radiance to
                  | your library.
  2002 | D:3      | You pick up a book of the Hunter and begin reading...
  2002 | D:3      | You add the spells Call Canine Familiar, Portal Projectile
                  | and Leda's Liquefaction to your library.
  2092 | D:3      | Noticed Ijyb
  2109 | D:3      | Killed from afar by Ijyb

Vanquished Creatures
  A worm (D:3)
  A dart slug (D:2)
  An orc (D:3)
  4 endoplasms
  A giant cockroach (D:1)
  6 goblins (D:1)
  5 hobgoblins
  2 quokkas
  4 ball pythons
  3 bats
  2 frilled lizards
  6 kobolds
  5 rats
41 creatures vanquished.

Vanquished Creatures (collateral kills)
  A hobgoblin (D:1)
  2 frilled lizards (D:2)
3 creatures vanquished.

Vanquished Creatures (others)
  A goblin (D:1)
  3 plants (D:2)
4 creatures vanquished.

Grand Total: 48 creatures vanquished

Table legend:
 A = Non-vault XP
 B = Vault XP
 C = Vault XP percentage of total XP
 D = Non-vault monster count
 E = Vault monster count
 F = Vault count percentage of total count
                 A         B        C        D         E       F
            +---------+---------+-------+---------+---------+-------
      Total |      68 |      10 |  12.8 |      37 |       8 |  17.8
            +---------+---------+-------+---------+---------+-------
        D:1 |      45 |       0 |   0.0 |      27 |       0 |   0.0
        D:2 |       9 |      10 |  52.6 |       4 |       8 |  66.7
        D:3 |      14 |       0 |   0.0 |       6 |       0 |   0.0
            +---------+---------+-------+---------+---------+-------

Illustrated notes

Table legend:
 A = Kills in this place as a percentage of kills in entire the game.
 B = Kills by you in this place as a percentage of kills by you in the entire game.
 C = Kills by friends in this place as a percentage of kills by friends in the entire game.
 D = Other kills in this place as a percentage of other kills in the entire game.
 E = Experience gained in this place as a percentage of experience gained in the entire game.
 F = Experience gained in this place divided by the number of levels of this place that you have seen.
                   A       B       C       D       E      F
               +-------+-------+-------+-------+-------+----------------------
         Total | 100.0 | 100.0 | 100.0 | 100.0 | 100.0 |  26.0
       Dungeon | 100.0 | 100.0 | 100.0 | 100.0 | 100.0 |  26.0
               +-------+-------+-------+-------+-------+----------------------

Table legend: (Time is in decaauts)
 A = Elapsed time spent in this place.
 B = Non-inter-level travel time spent in this place.
 C = Inter-level travel time spent in this place.
 D = Time resting spent in this place.
 E = Time spent auto-exploring this place.
 F = Levels seen in this place.
 G = Mean time per level.
                   A        B        C        D        E       F      G
               +--------+--------+--------+--------+--------+-----+--------+
         Total |   2113 |   1951 |    162 |     43 |   1625 |   3 |  704.3 |
       Dungeon |   2113 |   1951 |    162 |     43 |   1625 |   3 |  704.3 |
               +--------+--------+--------+--------+--------+-----+--------+

Top non-repeatable levels by time:
     D:1: 1071 daAuts
     D:2: 701 daAuts
     D:3: 341 daAuts
